 Dungeon Crawl Stone Soup version 0.26-a0-244-g083ca260ac (webtiles) character file.

Game seed: 3265465935416130083

106 BritishOli the Ducker (level 4, -2/34 HPs)
             Began as a Demonspawn Gladiator on July 8, 2020.
             Slain by Grinder (6 damage)
             ... on level 3 of the Dungeon.
             The game lasted 00:03:09 (1339 turns).

BritishOli the Ducker (Demonspawn Gladiator)        Turns: 1339, Time: 00:03:10

Health: -2/34      AC:  8    Str: 15    XL:     4   Next: 55%
Magic:  4/4        EV: 13    Int: 10    God:
Gold:   58         SH:  0    Dex: 14    Spells: 3/3 levels left

rFire    . . .     SeeInvis .   a - +0 long sword
rCold    . . .     Faith    .   (no shield)
rNeg     . . .     Spirit   .   b - +0 leather armour
rPois    .         Reflect  .   g - +2 helmet
rElec    .         Harm     .   l - +0 cloak
rCorr    .                      (no gloves)
MR       .....                  m - +0 pair of boots
Stlth    +.........             (no amulet)
HPRegen  0.11/turn              (no ring)
MPRegen  0.09/turn              (no ring)

@: no status effects
A: powered by death 1
a: no special abilities


You were on level 3 of the Dungeon.
You were not hungry.

You visited 1 branch of the dungeon, and saw 3 of its levels.

You collected 58 gold pieces.

Inventory:

Hand Weapons
 a - a +0 long sword (weapon)
Armour
 b - a +0 leather armour (worn)
 g - a +2 helmet (worn)
 l - a +0 cloak (worn)
 m - a +0 pair of boots (worn)
Scrolls
 c - 5 scrolls of identify {unknown}
 j - 2 scrolls of enchant armour {unknown}
 k - 2 scrolls of amnesia {unknown}
 n - a scroll of magic mapping {unknown}
 o - a scroll of blinking {unknown}
Potions
 e - 2 potions of curing {unknown}
 h - 2 potions of heal wounds
 i - a potion of lignification {unknown}
 p - a potion of haste {unknown}
 q - a potion of might {unknown}
Comestibles
 f - 5 rations


   Skills:
 + Level 2.7 Fighting
 + Level 3.2 Long Blades
 + Level 2.5 Throwing
 + Level 1.4 Armour
 + Level 3.2 Dodging


You had 3 spell levels left.
You didn't know any spells.
Your spell library was empty.

Dungeon Overview and Level Annotations

Branches:
Dungeon (3/15)

Altars:

Annotations:
D:2 Sigmund
D:3 Grinder


Innate Abilities, Weirdness & Mutations

You regenerate a little health from kills.


Message History

Grinder is heavily wounded.
Grinder struggles against the net.
You completely miss Grinder.
Grinder is heavily wounded.
Grinder gestures at you. You resist with significant effort.
Grinder struggles against the net.
You hit Grinder.
Grinder is heavily wounded.
Grinder struggles against the net.
The net rips apart, and Grinder comes free!
You hit Grinder but do no damage.
Grinder is heavily wounded.
Grinder hits you.
* * * LOW HITPOINT WARNING * * *
You writhe in agony.
* * * LOW HITPOINT WARNING * * *
You closely miss Grinder.
Grinder is heavily wounded.
Grinder hits you.
You die...

...# ............# #..#
###.........[# #..###
.............# #...
#..........# # #
#..######....5.....#
..$.#.<)..(####.......#
...............#....(..#
.............#.........#
!.........@.........(..#
..........5..###......(###
...>.........# #.......(.#
..<...........#####(####.##
#...........#..# #.# #...
....#..>...........####...
#######....####.........
..... ##.#####.#.
..g......#.


You could see Grinder.

Vanquished Creatures
  Natasha (D:2)
  Robin (D:3)
  An adder (D:2)
  An ooze (D:2)
  A worm (D:3)
  2 leopard geckos
  A giant cockroach (D:1)
  18 goblins
  6 hobgoblins
  3 jackals (D:1)
  6 kobolds
  2 bats
  2 frilled lizards
  2 rats (D:1)
47 creatures vanquished.

Notes
Turn   | Place    | Note
-------+----------+-------------------------------------------
     0 | D:1      | BritishOli the Demonspawn Gladiator began the quest for the
                  | Orb.
     0 | D:1      | Reached XP level 1. HP: 16/16 MP: 1/1
   273 | D:1      | Gained mutation: You regenerate a little health from kills.
                  | [demonic ancestry]
   273 | D:1      | Reached XP level 2. HP: 22/22 MP: 2/2
   993 | D:2      | Noticed Sigmund
  1003 | D:3      | Noticed Robin
  1014 | D:3      | Reached XP level 3. HP: 21/28 MP: 3/3
  1036 | D:3      | Reached skill level 1 in Armour
  1056 | D:3      | Killed Robin
  1140 | D:3      | Noticed Grinder
  1168 | D:2      | Noticed Natasha
  1171 | D:2      | Killed Natasha
  1171 | D:2      | Reached XP level 4. HP: 17/34 MP: 4/4
  1329 | D:3      | Paralysed by Grinder for 2 turns
  1339 | D:3      | Slain by Grinder

Illustrated notes

Levels and vault maps discovered:
D:1:      dpeg_arrival_simpleton_a, layout_basic
D:2:      layout_basic, lemuel_round_altar, lemuel_coloured_pillars_altar,
          uniq_natasha, uniq_sigmund
D:3:      layout_rooms, vehumet_crystals, first_ration, evilmike_ruin_ashenzari,
          uniq_robin, uniq_grinder

Skill      XL: |  1  2  3 |
---------------+----------+-----
Throwing       | 2 |  2.5
Long Blades    | 3 |  3.2
Dodging        | 3 |  3.2
Armour         | 1 |  1.4
Fighting       | |  2.7

Action                   |  1- 3 |  4- 6 || total
-------------------------+-------+-------++-------
Melee: Long sword        |   128 |    35 ||   163
Throw: Throwing net      |       |     4 ||     4
 Stab: Held in net/web   |       |     1 ||     1
  Eat: Ration            |     1 |       ||     1
Armor: Leather armour    |    64 |    21 ||    85
Dodge: Dodged            |   118 |    34 ||   152
       Rpst.: Long sword |    36 |    13 ||    49

Table legend:
 A = Non-vault XP
 B = Vault XP
 C = Vault XP percentage of total XP
 D = Non-vault monster count
 E = Vault monster count
 F = Vault count percentage of total count
                 A         B        C        D         E       F
            +---------+---------+-------+---------+---------+-------
      Total |      84 |      68 |  44.7 |      35 |      12 |  25.5
            +---------+---------+-------+---------+---------+-------
        D:1 |      37 |       0 |   0.0 |      22 |       0 |   0.0
        D:2 |      33 |      35 |  51.5 |       8 |       1 |  11.1
        D:3 |      14 |      33 |  70.2 |       5 |      11 |  68.8
            +---------+---------+-------+---------+---------+-------
